 Dungeon Sprint DCSS version 0.27-a0-1158-gaa87e14f67 (webtiles) character file.

Game seed: 7428682104378123915

142 rocky1 the Skirmisher (level 5, -12/61 HPs)
             Began as an Ogre Hunter on May 16, 2021.
             Was a Follower of Okawaru.
             Mangled by a wight
             ... wielding a +1 flail
              (13 damage)
             ... in the Dungeon (Sprint VII: "The Pits").
             The game lasted 00:03:38 (428 turns).

rocky1 the Skirmisher (Ogre Hunter)                  Turns: 428, Time: 00:03:39

Health: -12/61     AC:  3    Str: 17    XL:     5   Next: 24%
Magic:  3/8        EV: 10    Int: 12    God:    Okawaru [*.....]
Gold:   0          SH:  0    Dex:  9    Spells: 4/4 levels left

rFire    . . .     SeeInvis .   l - +2 mace
rCold    . . .     Faith    .   (no shield)
rNeg     . . .     Spirit   .   b - +0 robe
rPois    .         Reflect  .   (helmet restricted)
rElec    .         Harm     .   (no cloak)
rCorr    .         Rampage  .   (gloves unavailable)
Will     .....     NoTele   +   (boots unavailable)
Stlth    +.........             (no amulet)
HPRegen  0.20/turn              (no ring)
MPRegen  0.11/turn              (no ring)

@: on berserk cooldown, slowed, very slow
A: large, unfitting armour, tough skin 1
a: Renounce Religion, Heroism


You were in the Dungeon.
You worshipped Okawaru.
Okawaru was aware of your devotion.
You visited 1 branch

Inventory:

Hand Weapons
 a - a +0 short sword
 k - a +2 hand axe
 l - a +2 mace (weapon)
Missiles
 c - 4 large rocks (quivered)
 d - 2 throwing nets
Armour
 b - a +0 robe (worn)
Scrolls
 j - a scroll of blinking
 n - 5 scrolls of amnesia
 o - a scroll of summoning
Potions
 g - a potion of haste
 h - 4 potions of magic
 i - 2 potions of berserk rage
 m - 2 potions of invisibility


   Skills:
 + Level 6.6 Fighting
 + Level 3.5 Maces & Flails
 + Level 6.1 Throwing
 + Level 4.5 Dodging
 - Level 0.6 Stealth
 + Level 4.3 Invocations


You had 4 spell levels left.
You didn't know any spells.
Your spell library was empty.

Dungeon Overview and Level Annotations

Branches:
Dungeon (1/1)

Altars:
Ashenzari
Cheibriados
Dithmenos
Elyvilon
Fedhas
Gozag
Hepliaklqana
Kikubaaqudgha
Makhleb
Nemelex Xobeh
Okawaru
Qazlal
Ru
Sif Muna
Trog
Uskayaw
Vehumet
Wu Jian
Xom
Yredelemnul
Zin
The Shining One
Beogh
Jiyva
Lugonu


Innate Abilities, Weirdness & Mutations

You are too large for most types of armour.
You have tough skin. (AC +1)


Message History

You hit the wight but do no damage. The wight barely misses you.
You sock the wight!
The wight is almost destroyed.
You hit the wight.
You destroy the wight!
Okawaru accepts your kill.
You can now gain great but temporary skills.
Your life force feels restored.
Your Fighting skill increases to level 6!
Your Maces & Flails skill increases to level 3!
Your Dodging skill increases to level 4!
Your Invocations skill increases to level 3!
You barely miss the giant cockroach.
The giant cockroach bites you but does no damage.
You sock the giant cockroach!
You kill the giant cockroach!
Okawaru accepts your kill.
You barely miss the wight.
The wight hits you with a +2 long sword!
* * * LOW HITPOINT WARNING * * *
You feel drained.
* * * LOW HITPOINT WARNING * * *
Unknown command.
You thump the wight!
You destroy the wight!
Okawaru accepts your kill.
Your life force feels restored.
Your Throwing skill increases to level 6!
Your Invocations skill increases to level 4!
You have reached level 5!
You sock the wight!
The wight is severely damaged.
The wight hits you with a +1 flail.
* * * LOW HITPOINT WARNING * * *
You closely miss the wight.
The wight is severely damaged.
You are no longer berserk.
You are exhausted.
You feel yourself slow down. The wight hits you with a +1 flail!
You die...

#_______...###########++
##########'##...........
#.?(.'.))'.##......#..#.
##########.##...........
#...........†...........
#+#####÷#####......#..#.
#. #...'.##...........
#..#...#.#####'#####++
#..#####@##.......#
#..'zg.#z##.......#
#..zgz.zg##.......#
#..########...<...# #.
#.......# # #.......#
#.......# #########


You could see 2 wights and a hobgoblin.

Vanquished Creatures
  3 wights (D)
  An adder (D)
  A giant cockroach (D)
  4 jackals (D)
  A frilled lizard (D)
  A kobold (D)
  A rat (D)
12 creatures vanquished.

Notes
Turn   | Place    | Note
-------+----------+-------------------------------------------
     0 | D        | rocky1 the Ogre Hunter began the quest for the Orb.
     0 | D        | Reached XP level 1. HP: 22/22 MP: 1/1
    44 | D        | Found a bloodstained altar of Trog.
    44 | D        | Found a shimmering blue altar of Sif Muna.
    44 | D        | Found a viscous altar of Jiyva.
    44 | D        | Found a hazy altar of Hepliaklqana.
    44 | D        | Found an opulent altar of Gozag.
    67 | D        | Found a glowing golden altar of the Shining One.
    67 | D        | Found a glowing silver altar of Zin.
    67 | D        | Found a basalt altar of Yredelemnul.
    67 | D        | Found a shimmering altar of Xom.
    67 | D        | Found an ornate altar of the Wu Jian Council.
    67 | D        | Found a sacrificial altar of Ru.
    67 | D        | Found a stormy altar of Qazlal.
    67 | D        | Found an iron altar of Okawaru.
    67 | D        | Found a sparkling altar of Nemelex Xobeh.
    67 | D        | Found a burning altar of Makhleb.
    67 | D        | Found a blossoming altar of Fedhas.
    67 | D        | Found a white marble altar of Elyvilon.
    67 | D        | Found a shadowy altar of Dithmenos.
    67 | D        | Found a snail-covered altar of Cheibriados.
    70 | D        | Found a corrupted altar of Lugonu.
    70 | D        | Found a radiant altar of Vehumet.
    71 | D        | Found an ancient bone altar of Kikubaaqudgha.
    71 | D        | Found a hide-covered altar of Uskayaw.
    71 | D        | Found a broken altar of Ashenzari.
    77 | D        | Became a worshipper of Warmaster Okawaru
   152 | D        | Reached XP level 2. HP: 27/32 MP: 2/2
   225 | D        | Reached skill level 1 in Maces & Flails
   225 | D        | Reached skill level 1 in Invocations
   403 | D        | Noticed a wight
   403 | D        | Noticed a wight
   403 | D        | Noticed a wight
   404 | D        | Noticed a wight
   409 | D        | Noticed a wight
   417 | D        | Killed a wight
   418 | D        | Reached skill level 5 in Fighting
   418 | D        | Reached skill level 5 in Throwing
   418 | D        | Reached XP level 3. HP: 27/42 MP: 3/5
   418 | D        | Reached XP level 4. HP: 33/50 MP: 3/6
   422 | D        | Reached * piety under Okawaru
   427 | D        | Reached XP level 5. HP: 6/61 MP: 3/8
   427 | D        | HP: 2/91 [wight/+1 flail (4)]
   428 | D        | Mangled by a wight

Illustrated notes

Levels and vault maps discovered:
D:        pitsprint [storerooms_1, entrance_room_1, metal_vault_5, armoury_2,
          mini_pit_1, grid_room_1, main_hall_1, silver_pit, the_coven_1,
          the_vestibule_1, steel_vault_4, golden_pit, hallway_of_sentries,
          crystal_vault_3, iron_vault_4, final_vault]

Skill      XL: |  1  2  3  4 |
---------------+-------------+-----
Fighting       | 3 5 6 |  6.6
Dodging        | 2 3 4 |  4.5
Maces & Flails | 2 3 |  3.5
Invocations    | 2 4 |  4.3
Throwing       | 5 6 |  6.1
Stealth        | |  0.6

Action                   |  1- 3 |  4- 6 || total
-------------------------+-------+-------++-------
Melee: Short sword       |    11 |       ||    11
       Mace              |    30 |    10 ||    40
Throw: Large rock        |     6 |       ||     6
  Use: Potion            |     3 |       ||     3
Armor: Robe              |    22 |     1 ||    23
Dodge: Dodged            |    44 |     1 ||    45

Table legend: (Time is in decaauts)
 A = Elapsed time spent in this place.
 B = Non-inter-level travel time spent in this place.
 C = Inter-level travel time spent in this place.
 D = Time resting spent in this place.
 E = Time spent auto-exploring this place.
 F = Levels seen in this place.
 G = Mean time per level.
                   A        B        C        D        E       F      G
               +--------+--------+--------+--------+--------+-----+--------+
         Total |    441 |    441 |      0 |    260 |      0 |   1 |  441.0 |
       Dungeon |    441 |    441 |      0 |    260 |      0 |   1 |  441.0 |
               +--------+--------+--------+--------+--------+-----+--------+

Top non-repeatable levels by time:
       D: 441 daAuts
